 Dungeon Crawl Stone Soup version 0.22.1-2-g9c5b331383 (webtiles) character file.

134 McIrco the Sneak (level 4, 0/31 HPs)
             Began as a Vampire Enchanter on Jan 5, 2019.
             Slain by an orc wizard
             ... wielding a cursed +0 dagger
              (4 damage)
             ... on level 4 of the Dungeon.
             The game lasted 00:06:36 (4695 turns).

McIrco the Sneak (Vampire Enchanter)                Turns: 4695, Time: 00:06:36

Health: 0/31       AC:  2    Str:  7    XL:     4   Next: 95%
Magic:  2/7        EV: 13    Int: 17    God:
Gold:   135        SH:  0    Dex: 15    Spells: 1/7 levels left

rFire    . . .     SeeInvis +   e - +2 dagger (flame)
rCold    + + .     Gourm    .   (no shield)
rNeg     + + +     Faith    .   b - +0 robe
rPois    ∞         Spirit   .   (no helmet)
rElec    .         Reflect  .   (no cloak)
rCorr    .         Harm     .   (no gloves)
MR       .....                  (no boots)
Stlth    +++++.....             (no amulet)
HPRegen  0.00/turn              g - ring of flight
MPRegen  0.10/turn              t - ring of poison resistance

@: flying, bloodless, non-regenerating
A: fangs 3, see invisible, unbreathing
a: Bat Form, Stop Flying


You were on level 4 of the Dungeon.
You were bloodless.

You visited 1 branch of the dungeon, and saw 4 of its levels.

You collected 135 gold pieces.

Inventory:

Hand Weapons
 a - a +1 dagger
 d - a +1 falchion of distortion
 e - a +2 dagger of flaming (weapon)
Armour
 b - a +0 robe (worn)
 v - a +1 ring mail of cold resistance
Jewellery
 g - a ring of flight (left hand)
 t - a ring of poison resistance (right hand)
 w - an uncursed amulet of rage {unknown}
Wands
 r - a wand of random effects (22)
Scrolls
 c - 2 scrolls of random uselessness {unknown}
 f - 6 scrolls of identify {unknown}
 m - 4 scrolls of remove curse {unknown}
 p - a scroll of fog {unknown}
 s - a scroll of enchant armour {unknown}
Potions
 h - a potion of might {unknown}
 i - 4 potions of lignification {unknown}
 j - a potion of ambrosia {unknown}
 k - 2 potions of flight {unknown}
 l - a potion of haste {unknown}
 n - a potion of berserk rage {unknown}
 o - 3 potions of brilliance {unknown}
 q - a potion of degeneration {unknown}
 u - a potion of heal wounds {unknown}


   Skills:
 + Level 0.8 Fighting
 + Level 2.4 Short Blades
 + Level 0.6 Armour
 + Level 3.0 Dodging
 + Level 5.9 Stealth
 + Level 2.2 Spellcasting
 + Level 5.1 Hexes


You had one spell level left.
You knew the following spells:

 Your Spells              Type           Power        Failure   Level  Hunger
a - Corona                Hex            ###....      2%          1    #......
b - Ensorcelled Hibernat  Hex/Ice        ##....       10%         2    ###....
c - Confuse               Hex            ###.....     7%          3    ###....

Your spell library contained the following spells:

 Spells                   Type           Power        Failure   Level  Hunger
 Tukima's Dance           Hex            ###.....     7%          3    ###....
 Dazzling Spray           Conj/Hex       ##....       21%         3    ###....


Dungeon Overview and Level Annotations

Branches:
Dungeon (4/15)
 Temple: D:4-7

Altars:

Annotations:
D:4 1 transporter, Sigmund


Innate Abilities, Weirdness & Mutations

You do not heal naturally.
You are immune to poison.
You have razor-sharp teeth.
You have supernaturally acute eyesight. (SInv)
You can survive without breathing.


Message History

Unknown command.
Unknown command.
Unknown command.
You feel devoid of blood! The orc wizard hits you with a dagger.
* * * LOW HITPOINT WARNING * * *
You barely miss the orc wizard.
You bite the orc wizard, but do no damage.
The orc wizard is severely wounded.
The orc wizard closely misses you.
Casting: Ensorcelled Hibernation (safe; 10% risk of failure)
Confirm with . or Enter, or press ? or * to list all spells.
Aiming: Ensorcelled Hibernation (safe; 10% risk of failure)
Press: ? - help, Shift-Dir - straight line, f - orc wizard
Aim: an orc wizard, wielding a dagger and wearing a robe (severely wounded,
Okay, then.
You feel very buoyant.
You fly up into the air.
The orc wizard barely misses you. The orc wizard hits you with a dagger.
You die...

§.$%#..........>.###
§.%©#©..##.##......#
§.$(#..#(..........#
§§§#....!...#.....##
.§#........#......#
#.......##......#
#.oa....###+###.#
#)#o#...#.....#.#
..o#@#.#.#...(.#.#
...oo#.#.#.#.....#.#
##
#...##.#.#+#.......#.#
.. ....
.........##'###.# ##
### #.##... ##....# #.
.. ###### ##


You could see a worker ant, an orc wizard and an orc.

Vanquished Creatures
  An orc priest (D:4)
  3 adders
  A worm (D:3)
  2 dart slugs (D:3)
  3 leopard geckos
  3 ball pythons
  A giant cockroach (D:2)
  8 goblins
  9 hobgoblins
  13 kobolds
  3 quokkas (D:3)
  8 bats
  5 frilled lizards
  8 rats
68 creatures vanquished.

Notes
Turn   | Place    | Note
-------+----------+-------------------------------------------
     0 | D:1      | McIrco the Vampire Enchanter began the quest for the Orb.
     0 | D:1      | Reached XP level 1. HP: 13/13 MP: 3/3
   196 | D:1      | Reached XP level 2. HP: 19/19 MP: 5/5
   258 | D:1      | Reached skill level 5 in Hexes
   821 | D:2      | Reached XP level 3. HP: 24/24 MP: 6/6
   826 | D:2      | Learned a level 2 spell: Ensorcelled Hibernation
   830 | D:2      | Learned a level 3 spell: Confuse
   901 | D:2      | Reached skill level 5 in Stealth
  1315 | D:3      | Reached XP level 4. HP: 31/31 MP: 7/7
  1956 | D:4      | Noticed Sigmund
  4675 | D:4      | Found a transporter.
  4695 | D:4      | Slain by an orc wizard

Skill      XL: |  1  2  3  4 |
---------------+-------------+-----
Hexes          | 5 |  5.1
Stealth        | 5 |  5.9
Short Blades   | 2 |  2.4
Dodging        | 3 |  3.0
Fighting       | |  0.8
Armour         | |  0.6
Spellcasting   | |  2.2

Action                   |  1- 3 |  4- 6 || total
-------------------------+-------+-------++-------
Melee: Dagger            |   106 |    63 ||   169
       Bite              |     6 |     6 ||    12
 Cast: Ensorcelled Hiber |       |     2 ||     2
 Abil: Evoke Flight      |       |     1 ||     1
 Stab: Sleeping          |    10 |    11 ||    21
  Eat: Corpse            |    11 |     2 ||    13
Armor: Robe              |    16 |     2 ||    18
       Ring mail         |       |     1 ||     1
Dodge: Dodged            |    74 |    38 ||   112
